Map: Ville égout

Players

BeigeOgre - Winner!

  • Race: Protoss Protoss
  • League: Master
  • Spawn Location: 9:00

Alexandre - Winner!

  • Race: Protoss Protoss
  • Spawn Location: 11:00

Jfk

  • Race: Terran Terran
  • Spawn Location: 5:00

NybKakNyb

  • Race: Terran Terran
  • Spawn Location: 5:00

VOD

Have the link to the VOD?

Description

Time

  • Played on: Sept. 15, 2026, 10:26 a.m.
  • Length: 5:26
Show
View Real Time Build Order
Export as new Build Order

BeigeOgre Protoss - Winner!

Build Orders:  

Get SALT Encoding   

  8  0:04  Probe (Chrono Boost)  
  10  0:15  Probe (Chrono Boost)  
  10  0:19  Probe (Chrono Boost)  
  11  0:30  Probe  
  12  0:43  Pylon  
  12  0:45  Probe  
  12  0:48  Assimilator  
  13  1:02  Gateway  
  13  1:09  Probe (Chrono Boost)  
  14  1:21  Probe (Chrono Boost)  
  15  1:26  Probe (Chrono Boost)  
  16  1:33  Assimilator  
  16  1:35  Probe  
  17  1:47  Probe  
  18  1:59  Cybernetics Core  
  18  2:04  Gateway  
  18  2:11  Probe (Chrono Boost)  
  19  2:20  Probe (Chrono Boost)  
  20  2:22  Pylon  
  20  2:25  Probe (Chrono Boost)  
  21  2:40  Stalker, Probe  
  21  2:44  Warp Gate (Chrono Boost)  
  24  2:54  Stalker  
  26  3:08  Stalker  
  26  3:10  Pylon  
  28  3:13  Probe  
  29  3:31  Gateway  
  29  3:35  Gateway  
  29  3:41  Shield Battery  
  29  3:49  Pylon  
  29  3:59  Gateway  
  29  4:08  Pylon  
  29  4:24  Stalker  
  29  4:27  Stalker  
  33  4:35  Stalker  
  35  4:45  Stalker  
  37  4:53  Stalker  
Show
View Real Time Build Order
Export as new Build Order

Alexandre Protoss - Winner!

Build Orders:  

Get SALT Encoding   

  8  0:13  Probe  
  9  0:25  Probe  
  9  0:27  Pylon  
  10  0:39  Probe (Chrono Boost)  
  11  0:49  Probe (Chrono Boost)  
  12  1:06  Probe (Chrono Boost)  
  12  1:08  Pylon  
  13  1:16  Probe (Chrono Boost)  
  14  1:37  Probe  
  14  1:39  Gateway  
  15  1:44  Gateway  
  15  1:49  Probe  
  16  2:01  Probe  
  17  2:25  Nexus  
  17  2:26  Assimilator  
  17  2:32  Assimilator  
  17  2:42  Cybernetics Core  
  17  2:45  Probe (Chrono Boost)  
  18  2:57  Probe (Chrono Boost)  
  19  3:05  Probe (Chrono Boost)  
  19  3:12  Probe  
  18  3:22  Stalker  
  20  3:44  Stalker  
  22  3:51  Stalker  
  24  4:01  Probe  
  25  4:13  Probe  
  25  4:14  Gateway  
  26  4:20  Gateway  
  26  4:29  Stalker  
  30  4:31  Stalker  
  30  4:39  Pylon  
  30  4:56  Stalker  
Show
View Real Time Build Order
Export as new Build Order

Jfk Terran 

Build Orders:  

Get SALT Encoding   

  8  0:01  SCV  
  9  0:16  SCV  
  10  0:28  SCV  
  11  0:40  SCV  
  12  0:52  SCV  
  13  1:17  Command Center  
  13  1:28  Supply Depot  
  13  1:50  SCV  
  13  1:52  Barracks  
  13  1:54  Barracks  
  14  2:02  SCV  
  15  2:11  Barracks  
  15  2:14  SCV  
  16  2:26  SCV  
  16  2:29  SCV  
  18  2:39  Orbital Command  
  18  2:47  Orbital Command  
  18  2:50  Marine  
  19  2:53  Marine  
  20  3:08  Marine  
  21  3:15  Bunker  
  21  3:18  Marine  
  21  3:19  SCV x2  
  24  3:26  Marine  
  25  3:28  Supply Depot  
  25  3:31  SCV x2  
  25  3:33  Marine  
  28  3:36  Marine  
  29  3:43  SCV x2  
  29  3:44  Marine  
  29  3:47  Supply Depot  
  32  4:00  Refinery  
  32  4:02  Refinery  
  32  4:04  Refinery  
  32  4:05  Command Center, SCV  
  32  4:06  SCV, Refinery  
  34  4:13  Engineering Bay  
  34  4:18  SCV  
  34  4:19  SCV  
  36  4:29  Supply Depot  
  36  4:30  SCV  
  36  4:31  SCV  
  38  4:40  Missile Turret  
  38  4:42  SCV  
  39  4:47  Factory  
  39  4:50  Barracks Tech Lab  
  39  4:51  SCV, Missile Turret  
  40  4:53  Marine x2  
  40  4:54  SCV  
  43  5:01  Factory  
  43  5:03  SCV  
  43  5:06  SCV  
  45  5:09  Bunker  
Show
View Real Time Build Order
Export as new Build Order

NybKakNyb Terran 

Build Orders: Reaper Expand 

Get SALT Encoding   

  8  0:02  SCV  
  9  0:14  SCV  
  10  0:26  SCV  
  11  0:38  SCV  
  11  0:41  Supply Depot  
  12  0:50  SCV  
  13  1:03  SCV  
  14  1:06  Barracks  
  14  1:09  Refinery  
  14  1:22  Engineering Bay  
  14  1:30  SCV  
  15  1:42  SCV  
  15  1:43  Supply Depot  
  16  1:54  Reaper  
  16  2:05  Orbital Command  
  16  2:26  Command Center  
  16  2:33  SCV  
  17  2:43  Factory  
  17  2:50  SCV  
  18  3:02  SCV  
  19  3:19  SCV  
  20  3:21  Refinery  
  20  3:24  Barracks Reactor  
  20  3:28  Starport  
  20  3:31  SCV  
  21  3:43  SCV  
  21  3:45  Hellion  
  25  3:49  Refinery  
  25  3:55  SCV  
  25  3:56  Orbital Command  
  25  4:07  SCV  
  25  4:08  Medivac  
  28  4:12  Hellion  
  28  4:15  Hellion  
  32  4:19  SCV  
  32  4:21  SCV  
  34  4:35  Supply Depot  
  34  4:48  SCV x2  
  34  4:49  Widow Mine x2  
  34  4:50  Supply Depot x2  
  32  4:53  Barracks Tech Lab  
  32  4:54  Starport Tech Lab  
  32  5:00  SCV x2  
  34  5:13  SCV  
Tags
 
Add a new tag
Caveats
  • Supply blocks, unpowered buildings, or Contaminate may cause inaccurate times.
  • Supply counts are checked every 10 seconds.